 Dungeon Crawl Stone Soup version 0.15-a0-1646-g393eda0 (webtiles) character file.

598 Stronkosaurus the Skirmisher (level 7, -1/38 HPs)
             Began as a Vine Stalker Berserker on June 22, 2014.
             Was a Priest of Trog.
             Shot with an arrow by a centaur (8 damage)
             ... on Level 5 of the Dungeon.
             The game lasted 00:29:45 (2872 turns).

Stronkosaurus the Skirmisher (VSBe)                 Turns: 2872, Time: 00:29:46

HP  -1/38        AC  3     Str 23      XL: 7   Next: 40%
MP   0/9         EV 10     Int  7      God: Trog [***...]
Gold 131         SH  8     Dex 13      Spells:  0 memorised,  6 levels left

rFire  . . .     SeeInvis .     a - +0 short sword
rCold  . . .     Clarity  .     u - +0 leather armour
rNeg   . . .     rCorr    .     c - +0 shield
rPois  .         rRot     +     (no helmet)
rElec  .         Spirit   +     (no cloak)
SustAb .         Warding  .     (no gloves)
rMut   .         Stasis   .     (no boots)
Gourm  .                        (no amulet)
MR     .....                    E - ring of flight
                                x - +1 ring of strength

@: exhausted, slowed, very slow, not resistant to hostile enchantments, very
unstealthy
A: fangs 2, regeneration 2, magic shield, antimagic bite, no device heal 3, rot
immunity
a: Burn Spellbooks, Berserk, Trog's Hand, Renounce Religion, Evoke Flight


You were on level 5 of the Dungeon.
You worshipped Trog.
Trog was most pleased with you.
You were not hungry.

You visited 2 branches of the dungeon, and saw 6 of its levels.

You collected 131 gold pieces.

Inventory:

Hand weapons
 a - a +0 short sword (weapon)
 e - a +1 dagger
 i - a +0 dagger
 z - a +0 war axe of flaming
 C - a cursed -3 sling
Missiles
 j - 19 poisoned needles
 k - 32 stones (quivered)
 p - 42 arrows
 r - 26 bolts
 t - 2 needles of frenzy
Armour
 b - a +0 animal skin
 c - a +0 shield (worn)
 n - a +0 animal skin
 u - a +0 leather armour (worn)
Magical devices
 h - a wand of flame (14)
Scrolls
 g - 2 scrolls of recharging {unknown}
 l - a scroll of fog {unknown}
 m - 5 scrolls of identify {unknown}
 q - a scroll of remove curse {unknown}
 s - a scroll of magic mapping {unknown}
 y - a scroll of random uselessness {unknown}
 A - a scroll of immolation {unknown}
 B - a scroll of fear {unknown}
 F - a scroll of blinking {unknown}
Jewellery
 d - a +3 ring of intelligence
 x - a +1 ring of strength (left hand)
 E - a ring of flight (right hand)
Potions
 f - 3 potions of curing {unknown}
 o - a potion of might {unknown}
 v - a potion of agility {unknown}
 w - 2 potions of restore abilities {unknown}
 D - a potion of brilliance {unknown}
 G - a potion of paralysis {unknown}


   Skills:
 + Level 4.7 Fighting
 + Level 4.2 Short Blades
 + Level 2.7 Armour
 + Level 3.8 Dodging
 - Level 1.0 Stealth
 - Level 0.2 Evocations


You had 6 spell levels left.
You didn't know any spells.

Dungeon Overview and Level Annotations

Branches:
Dungeon (5/15)             Temple (1/1) D:5

Altars:
Cheibriados
Elyvilon
Okawaru
Qazlal
Sif Muna
Trog
Vehumet
Xom
Yredelemnul
Zin
The Shining One

Shops:
D:5 %


Innate Abilities, Weirdness & Mutations

You have extremely sharp teeth.
You heal very quickly.
When hurt, damage is shared between your health and your magic reserves.
Your bite disrupts and absorbs the magic of your enemies.
Potions and wands cannot restore your health.
You are immune to rotting.


Message History

You continue putting on your shield.
The centaur shoots an arrow.
The arrow hits you!
* * * LOW HITPOINT WARNING * * *
You finish putting on your +0 shield.
Use which ability? (? or * to list)
A red film seems to cover your vision as you go berserk!
You feel yourself moving faster!
You feel mighty!
You feel somewhat more hungry.
The centaur shoots an arrow.
The arrow closely misses you.
You feel a strong urge to attack something.
The centaur shoots an arrow.
The arrow completely misses you.
The centaur shoots an arrow.
The arrow hits you!
* * * LOW HITPOINT WARNING * * *
You see here 2 arrows.
The centaur shoots an arrow.
The arrow completely misses you.
You feel your anger subside.
You are no longer berserk.
You are exhausted.
You feel yourself slow down.
The centaur shoots an arrow.
The arrow hits you!
You die...

### ..# #.# #c#
#.# #.# #@#
##.## #...#
###((.#####
#.##..(....#.##
#.....((......#
####.......#.##
.........###.#
#[........# #.#


You could see a centaur.

Vanquished Creatures
  A sky beast (D:5)
  A phantom (D:4)
  A scorpion (D:4)
  The ghost of Shimatora the Cudgeler, a weakling MiBe of Trog (D:3)
  A hound (D:4)
  An iguana (D:5)
  3 orc wizards
  2 worker ants
  Ijyb (D:4)
  3 adders
  An inept feature mimic (D:2)
  A goliath beetle zombie (D:5)
  An inept item mimic (D:2)
  A shadow imp (D:3)
  A worm (D:2)
  2 giant geckos
  10 orcs
  4 bats
  4 giant cockroaches
  5 hobgoblins
  7 jackals
  An ooze (D:3)
  2 quokkas
  A ball python (D:1)
  3 giant newts
  9 goblins
  6 kobolds
  4 rats
78 creatures vanquished.

Notes
Turn   | Place    | Note
--------------------------------------------------------------
     0 | D:1      | Stronkosaurus, the Vine Stalker Berserker, began the quest for the Orb.
     0 | D:1      | Reached XP level 1. HP: 11/11 MP: 1/1
   184 | D:1      | Reached XP level 2. HP: 16/16 MP: 3/3
   192 | D:1      | Reached skill level 3 in Short Blades
   453 | D:2      | Reached XP level 3. HP: 20/20 MP: 2/4
   631 | D:2      | Found a bloodstained altar of Trog.
   717 | D:2      | Acquired Trog's second power
  1002 | D:3      | Reached XP level 4. HP: 21/24 MP: 5/5
  1344 | D:3      | Noticed Shimatora's ghost (weakling MiBe)
  1358 | D:3      | Killed Shimatora's ghost
  1358 | D:3      | Reached XP level 5. HP: 10/29 MP: 7/7
  1930 | D:4      | Reached skill level 4 in Fighting
  1930 | D:4      | Gained mutation: You heal very quickly. [vine stalker growth]
  1930 | D:4      | Reached XP level 6. HP: 25/33 MP: 8/8
  2025 | D:4      | Noticed Ijyb
  2041 | D:4      | Killed Ijyb
  2082 | D:4      | Noticed a phantom
  2142 | D:4      | Killed a phantom
  2197 | D:4      | Reached skill level 1 in Stealth
  2218 | D:4      | Found a stormy altar of Qazlal.
  2249 | D:5      | Entered Level 5 of the Dungeon
  2255 | D:5      | Found Racaan's Food Emporium.
  2318 | D:5      | Reached XP level 7. HP: 22/38 MP: 9/9
  2508 | D:5      | Found a glowing golden altar of the Shining One.
  2550 | D:5      | Found an iron altar of Okawaru.
  2616 | D:5      | Found a staircase to the Ecumenical Temple.
  2680 | Temple   | Entered the Ecumenical Temple
  2872 | D:5      | Shot with an arrow by a centaur

Action                   |  1- 3 |  4- 6 |  7- 9 || total
-------------------------+-------+-------+-------++-------
Melee: Short sword       |    67 |    99 |    41 ||   207
       Dagger            |    32 |    75 |       ||   107
Invok: Berserk           |     3 |     3 |     3 ||     9
Evoke: Wand              |     1 |       |       ||     1
